 Dungeon Crawl Stone Soup version 0.31.0-11-ge490571c62 (webtiles) character file.

Game seed: 7945357840056464335

485 Gadfly the Insei (level 6, -1/47 HPs)
             Began as a Demonspawn Monk on Feb 2, 2024.
             Incinerated by a bombardier beetle (4 damage)
             ... with a burning spray
             ... on level 5 of the Dungeon.
             The game lasted 00:05:09 (3012 turns).

Gadfly the Insei (Demonspawn Monk)                  Turns: 3012, Time: 00:05:09

Health: -1/47      AC:  2    Str: 13    XL:     6   Next: 88%
Magic:  6/6        EV: 13    Int: 11    God:
Gold:   284        SH:  0    Dex: 15    Spells: 5/5 levels left

rFire   . .          .
                       - Unarmed
rCold   . . .        (no shield)
rNeg    . . .        p - +0 animal skin
rPois   +            o - melded +0 helmet
rElec   .            (cloak currently unavailable)
rCorr   .            e - melded +1 pair of gloves
SInv    .            t - melded +0 pair of boots
Will    .....        (no amulet)
Stlth   +            j - ring of poison resistance
HPRegen 1.27/turn    (no ring)
MPRegen 0.10/turn

%: no passive effects
@: on fire, beast-form, glowing
A: beast (slay +1), foul stench 1, powered by death 1
a: Begin Untransformation


You were on level 5 of the Dungeon.
You were a hulking beast.
You visited 1 branch of the dungeon, and saw 5 of its levels.

You collected 284 gold pieces.

Inventory:

Hand Weapons
 b - a +1 dagger of electrocution
 d - the +6 dagger of Contradiction {speed, rElec Will+ SInv}
   (You found it on level 2 of the Dungeon)

   rElec:     It insulates you from electricity.
   Will+:     It increases your willpower.
   SInv:      It lets you see invisible.
Missiles
 h - 3 throwing nets (quivered)
Armour
 c - an orb of light
 e - a +1 pair of gloves (melded)
 o - a +0 helmet (melded)
 p - a +0 animal skin (worn)
 t - a +0 pair of boots (melded)
Jewellery
 j - a ring of poison resistance (left hand)
Talismans
 i - a beast talisman (active)
 m - a blade talisman
Scrolls
 a - a scroll of enchant weapon
 k - 2 scrolls of identify
 r - a scroll of fog
 u - a scroll of teleportation
 v - a scroll of enchant armour
Potions
 f - 2 potions of cancellation
 g - a potion of lignification
 l - 2 potions of might
 q - a potion of degeneration {unknown}
 s - a potion of mutation
 x - a potion of enlightenment {unknown}


   Skills:
 - Level 3.0 Fighting
 + Level 3.6 Dodging
 * Level 4.4 Unarmed Combat
 * Level 3.4 Evocations
 * Level 3.0 Shapeshifting


You had 5 spell levels left.
You didn't know any spells.
Your spell library contained the following spells:

 Spells                   Type           Power      Damage    Failure   Level
 Mercury Vapours          Alch/Air       0%         N/A       47%         2
 Mephitic Cloud           Conj/Alch/Air  0%         N/A       71%         3
 Tukima's Dance           Hex            0%         N/A       71%         3
 Dimensional Bullseye     Hex/Tloc       0%         N/A       98%         4
 Iskenderun's Mystic Bla  Conj/Tloc      0%         2d3       98%         4
 Freezing Cloud           Conj/Ice/Air   0%         6-21      100%        5


Dungeon Overview and Level Annotations

Branches:
Dungeon (5/15)
 Temple: D:4-7

Altars:
Kikubaaqudgha
Uskayaw

Shops:
D:2 (   D:5 (


Innate Abilities, Weirdness & Mutations

You are a hulking beast.
Your limbs bulge with bestial killing power. (Slay +1)
You may rarely emit foul miasma when damaged in melee.
You regenerate a little health from kills.


Message History

The liquid fire burns you! The bombardier beetle bites you.
You barely miss the bombardier beetle. The liquid fire burns you!
You barely miss the bombardier beetle. The liquid fire burns you!
The bombardier beetle bites you.
You hit the bombardier beetle.
The bombardier beetle is lightly wounded.
The liquid fire burns you! The bombardier beetle bites you.
You completely miss the bombardier beetle.
The bombardier beetle is lightly wounded.
The liquid fire burns you!
* * * LOW HITPOINT WARNING * * *
You hit the bombardier beetle.
The bombardier beetle is moderately wounded.
The liquid fire burns you!
* * * LOW HITPOINT WARNING * * *
The bombardier beetle closely misses you.
You hit the bombardier beetle.
The bombardier beetle is severely wounded.
The liquid fire burns you!
* * * LOW HITPOINT WARNING * * *
You feel better. The liquid fire burns you!
* * * LOW HITPOINT WARNING * * *
The bombardier beetle barely misses you.
You punch the bombardier beetle!
You kill the bombardier beetle!
The liquid fire burns you!
* * * LOW HITPOINT WARNING * * *
Your Shapeshifting skill increases to level 3!
Unknown command.
You shake off some of the fire as you move.
The liquid fire burns you!
* * * LOW HITPOINT WARNING * * *
You shake off some of the fire as you move.
The liquid fire burns you!
You die...

,,,,,,,,,,,,,..........######
****,,,,,,***#...)h....######
,,,,,,,,,,* #######.########
****,,,,,.#**#######.########
,,,,,,,,,...########......###
****,,,,,,#......†.....>...##
***********#.......#..##...##
,,,,,,,,,,*#.......#<.#..†..##
**,,,,,,,,,#....h..#...).....#
********#.........#.....∩...#
##........#.........#
##.....$.#..#.....##
#.......#.###...##
#.......#.....####
#...(...########## #.......#
*********


There were no monsters in sight!

Vanquished Creatures
  A jelly (D:4)
  2 bombardier beetles (D:5)
  A hound (D:4)
  An iguana (D:4)
  Natasha (thrice) (D:2)
  Robin (D:2)
  8 gnolls
  7 adders
  3 ribbon worms
  A dart slug (D:2)
  4 orcs
  4 ball pythons
  5 endoplasms
  2 giant cockroaches (D:2)
  13 goblins
  7 hobgoblins
  9 jackals
  3 quokkas
  5 bats
  A frilled lizard (D:1)
  6 kobolds
  10 rats
97 creatures vanquished.

Notes
Turn   | Place    | Note
-------+----------+-------------------------------------------
     0 | D:1      | Gadfly the Demonspawn Monk began the quest for the Orb.
     0 | D:1      | Reached XP level 1. HP: 18/18 MP: 1/1
   299 | D:1      | Gained mutation: You regenerate a little health from kills.
                  | [demonic ancestry]
   299 | D:1      | Reached XP level 2. HP: 22/24 MP: 2/2
   604 | D:2      | Reached skill level 3 in Unarmed Combat
   604 | D:2      | Reached skill level 1 in Evocations
   719 | D:2      | Reached skill level 1 in Shapeshifting
   736 | D:2      | Gained mutation: You may rarely emit foul miasma when
                  | damaged in melee. [demonic ancestry]
   736 | D:2      | Reached XP level 3. HP: 21/29 MP: 3/3
   815 | D:2      | Identified the +6 dagger of Contradiction {speed, rElec
                  | Will+ SInv}
   946 | D:2      | Found a faded altar of an unknown god.
  1089 | D:2      | Noticed Natasha
  1098 | D:2      | Killed Natasha
  1099 | D:2      | Reached XP level 4. HP: 25/35 MP: 4/4
  1154 | D:2      | Noticed Robin
  1162 | D:2      | Killed Robin
  1271 | D:2      | Found Qoimmar's Weapon Shoppe.
  1364 | D:2      | Noticed Natasha
  1374 | D:2      | Killed Natasha
  1415 | D:2      | Reached XP level 5. HP: 38/41 MP: 5/5
  1494 | D:2      | Noticed Natasha
  1499 | D:2      | Killed Natasha
  1660 | D:3      | Found a hide-covered altar of Uskayaw.
  1727 | D:3      | Reached skill level 4 in Unarmed Combat
  1727 | D:3      | Reached XP level 6. HP: 32/47 MP: 6/6
  2750 | D:4      | Found an ancient bone altar of Kikubaaqudgha.
  2969 | D:5      | Entered Level 5 of the Dungeon
  2969 | D:5      | Found Nisusty's Weapon Shop.
  3011 | D:5      | HP: 2/47 [burnt (3)]
  3012 | D:5      | Incinerated by a bombardier beetle

Illustrated notes

Levels and vault maps discovered:
D:1:      evilmike_arrival_plus, layout_rooms
D:2:      minmay_thinvault, layout_loops_ring, serial_shops, shop,
          hellmonk_ecumenical_altar_lost_god, uniq_natasha, uniq_robin
D:3:      layout_rooms, lemuel_crystal_altar
D:4:      layout_basic, nicolae_kikubaaqudgha_miasma_corner
D:5:      corexii_shack_village, layout_rooms, serial_shops,
          nicolae_shop_bloodbath_and_beyond, portal_sewer_entry_b

Skill      XL: |  1  2  3  4  5  6 |
---------------+-------------------+-----
Unarmed Combat | 3 4 |  4.4
Evocations     | 1 2 3 |  3.4
Shapeshifting  | 1 2 3 |  3.0
Dodging        | 3 |  3.6
Fighting       | |  3.0

Action                     |  1- 3 |  4- 6 || total
---------------------------+-------+-------++-------
  Melee: Unarmed           |    77 |    39 ||   116
         Dagger            |    17 |   172 ||   189
    Use: Scroll            |     3 |    10 ||    13
         Potion            |     1 |     2 ||     3
 Armour: Robe              |    34 |    11 ||    45
         Animal skin       |       |   102 ||   102
  Dodge: Dodged            |    55 |   143 ||   198
   Form: Beast             |       |     1 ||     1
